Map: King of Braxis Station

Players

MrFercho - Winner!

  • Race: Protoss Protoss
  • Spawn Location: 11:00

tigro

  • Race: Terran Terran
  • Spawn Location: 6:00

TATORREA

  • Race: Protoss Protoss
  • Spawn Location: 7:00

Keigo

  • Race: Terran Terran
  • Spawn Location: 9:00

IA (Élite)

  • Race: Protoss Protoss
  • Spawn Location: 3:00

IA (Élite)

  • Race: Terran Terran
  • Spawn Location: 5:00

IA (Élite)

  • Race: Terran Terran
  • Spawn Location: 12:00

IA (Élite)

  • Race: Terran Terran
  • Spawn Location: 1:00

VOD

Have the link to the VOD?

Description

Time

  • Played on: April 16, 2020, 11:50 p.m.
  • Length: 61:14
Show
View Real Time Build Order
Export as new Build Order

MrFercho Protoss - Winner!

Build Orders:  

Get SALT Encoding   

  12  0:06  Probe  
  13  0:18  Probe (Chrono Boost)  
  14  0:31  Probe (Chrono Boost)  
  14  0:34  Assimilator  
  15  0:43  Assimilator  
  15  0:46  Pylon  
  16  1:04  Probe (Chrono Boost)  
  16  1:16  Probe (Chrono Boost)  
  17  1:20  Probe (Chrono Boost)  
  17  1:25  Gateway  
  18  1:32  Pylon  
  18  1:33  Probe  
  18  1:34  Pylon  
  19  1:45  Probe  
  20  1:52  Forge  
  20  1:57  Probe  
  21  2:07  Pylon  
  21  2:09  Probe, Pylon  
  22  2:19  Zealot  
  22  2:22  Probe  
  25  2:26  Protoss Ground Weapons Level 1  
  25  2:34  Probe (Chrono Boost)  
  26  2:44  Probe (Chrono Boost)  
  27  2:46  Zealot  
  27  2:48  Probe (Chrono Boost)  
  30  2:52  Gateway x2  
  30  3:02  Photon Cannon  
  30  3:19  Pylon  
  30  3:22  Pylon  
  30  3:29  Cybernetics Core  
  30  3:52  Pylon  
  30  4:13  Robotics Facility  
  30  4:15  Twilight Council  
  30  4:19  Stargate x2  
  30  4:21  Stargate  
  30  4:29  Pylon  
  30  4:47  Photon Cannon  
  30  4:50  Photon Cannon  
  30  4:52  Stalker x2  
  34  5:15  Void Ray  
  38  5:22  Adept  
  39  6:01  Probe  
  40  6:06  Void Ray  
  44  6:11  Void Ray  
  44  6:14  Probe  
  43  6:26  Probe  
  44  6:38  Probe  
  45  6:47  Stalker x2  
  45  6:50  Probe  
  50  6:55  Observer  
  51  7:15  Blink  
  51  8:09  Void Ray x2  
  58  8:54  Observer  
  32  9:57  Void Ray  
  32  9:58  Void Ray x2  
  42  10:00  Photon Cannon  
  42  10:01  Photon Cannon  
  42  10:03  Photon Cannon  
  42  10:04  Photon Cannon  
  42  10:05  Photon Cannon  
  42  10:07  Photon Cannon  
  42  10:09  Photon Cannon  
  42  10:10  Photon Cannon  
  42  10:40  Void Ray  
  46  11:09  Void Ray  
  50  11:23  Void Ray  
  47  11:58  Observer  
  28  12:11  Observer  
  28  12:46  Probe  
  25  12:58  Probe  
  14  13:10  Probe  
  7  13:12  Void Ray  
  7  13:13  Void Ray  
  15  13:22  Probe  
  16  13:34  Probe (Chrono Boost)  
  17  13:47  Probe (Chrono Boost)  
  18  13:55  Probe (Chrono Boost), Void Ray  
  19  14:01  Probe  
  24  14:13  Probe  
  24  14:43  Pylon  
  24  14:46  Pylon  
  24  15:16  Protoss Shields Level 1  
  24  15:30  Probe  
  25  15:42  Probe, Protoss Air Weapons Level 1  
  26  15:43  Photon Cannon  
  26  15:44  Photon Cannon  
  26  15:46  Photon Cannon  
  26  15:48  Photon Cannon  
  26  15:49  Photon Cannon x2  
  26  15:50  Photon Cannon  
  26  15:54  Probe  
  27  16:06  Probe  
  28  16:18  Probe  
  29  17:18  Nexus  
  29  17:22  Assimilator  
  29  17:23  Assimilator  
  29  17:30  Void Ray  
  33  17:39  Probe  
  34  17:51  Probe  
  35  18:03  Probe  
  32  18:16  Probe  
  33  18:28  Probe  
  26  18:57  Probe  
  27  19:09  Probe (Chrono Boost)  
  28  19:10  Protoss Shields Level 2  
  28  19:18  Probe (Chrono Boost)  
  30  19:27  Probe (Chrono Boost)  
  30  19:29  Probe (Chrono Boost)  
  31  19:33  Probe (Chrono Boost)  
  31  19:34  Probe (Chrono Boost)  
  33  19:44  Probe  
  34  19:45  Probe  
  35  19:56  Probe  
  36  20:12  Stargate  
  36  20:13  Stargate  
  36  20:30  Fleet Beacon  
  36  20:50  Probe  
  37  21:02  Probe  
  38  21:14  Probe  
  38  21:17  Flux Vanes  
  39  21:26  Probe  
  39  21:29  Carrier  
  46  21:38  Probe  
  47  21:44  Warp Prism  
  49  21:50  Probe  
  50  21:57  Robotics Bay  
  50  22:00  Stalker  
  52  22:24  Templar Archives  
  52  22:30  Stalker  
  54  22:37  Probe  
  53  22:50  Probe  
  50  23:00  Stalker  
  50  23:02  Probe  
  53  23:30  Stalker  
  53  23:32  Observer  
  55  23:47  Photon Cannon  
  55  23:50  Photon Cannon  
  55  23:53  Photon Cannon x2  
  55  24:00  Stalker  
  57  24:55  Nexus  
  57  25:12  Pylon  
  57  25:14  Pylon  
  57  25:16  Assimilator  
  57  25:18  Pylon  
  57  25:20  Assimilator  
  57  25:35  Photon Cannon  
  57  25:36  Photon Cannon  
  57  25:37  Photon Cannon x2  
  57  25:38  Photon Cannon  
  57  25:39  Photon Cannon  
  57  25:40  Photon Cannon x2  
  57  25:42  Photon Cannon  
  57  25:44  Photon Cannon  
  57  25:48  Photon Cannon  
  57  25:50  Photon Cannon  
  57  25:55  Photon Cannon  
  57  25:57  Photon Cannon  
  57  26:03  Photon Cannon  
  57  26:05  Photon Cannon  
  57  26:06  Photon Cannon  
  57  26:08  Photon Cannon  
  57  26:22  Probe  
  58  26:32  Carrier x4  
  82  26:34  Probe  
  83  26:46  Probe  
  83  26:58  Probe  
  84  27:10  Probe  
  93  27:35  Mothership (Chrono Boost)  
  93  27:36  Tempest x2, Carrier  
  109  28:07  Pylon  
  109  28:09  Pylon  
  109  28:13  Pylon  
  109  28:17  Pylon  
  109  28:21  Pylon  
  109  28:25  Pylon  
  109  28:30  Pylon  
  109  28:31  Probe  
  109  28:32  Pylon  
  110  28:36  Pylon  
  110  28:43  Probe  
  111  28:55  Probe  
  112  28:56  Cybernetics Core  
  112  28:57  Protoss Air Armor Level 1 (Chrono Boost)  
  112  29:07  Probe (Chrono Boost)  
  114  29:18  Probe (Chrono Boost)  
  114  29:23  Probe (Chrono Boost)  
  114  29:29  Oracle  
  118  29:33  Probe  
  119  29:41  Protoss Shields Level 3  
  119  29:45  Probe  
  120  30:09  Protoss Air Weapons Level 2 (Chrono Boost)  
  120  30:24  Photon Cannon  
  120  30:25  Photon Cannon  
  120  30:27  Photon Cannon  
  120  30:29  Photon Cannon  
  120  30:30  Photon Cannon  
  120  30:33  Photon Cannon  
  120  30:35  Photon Cannon  
  120  30:37  Photon Cannon  
  120  30:41  Photon Cannon  
  120  30:43  Photon Cannon  
  120  30:44  Photon Cannon  
  120  30:46  Stargate  
  120  30:47  Stargate  
  120  30:48  Stargate, Photon Cannon  
  120  30:50  Photon Cannon  
  120  30:51  Stargate  
  120  30:53  Photon Cannon  
  120  30:55  Photon Cannon  
  120  30:57  Probe (Chrono Boost)  
  121  31:08  Probe (Chrono Boost)  
  122  31:13  Probe (Chrono Boost)  
  123  31:23  Probe  
  124  31:35  Probe  
  126  31:54  Observer  
  126  32:00  Anion Pulse-Crystals  
  126  32:09  Gravitic Boosters  
  126  32:29  Protoss Air Armor Level 2 (Chrono Boost)  
  126  32:46  Probe  
  126  32:50  Protoss Air Weapons Level 3  
  127  32:53  Probe  
  127  32:58  Probe  
  129  33:05  Probe  
  130  33:10  Probe  
  131  33:17  Probe  
  132  33:22  Probe  
  133  33:29  Probe  
  133  33:32  Tempest x2  
  133  33:33  Carrier x3  
  168  33:34  Probe, Carrier  
  168  33:36  Void Ray x2  
  177  34:15  Void Ray  
  181  35:37  Observer  
  182  36:02  Nexus  
  182  36:04  Assimilator  
  182  36:09  Assimilator  
  182  36:15  Pylon  
  182  36:18  Pylon  
  182  36:20  Pylon  
  182  36:23  Pylon  
  182  36:25  Pylon, Nexus  
  182  36:30  Assimilator  
  182  36:31  Pylon  
  182  36:33  Phoenix x2, Observer  
  182  36:34  Pylon, Assimilator  
  187  36:55  Observer  
  188  37:16  Observer  
  188  37:17  Pylon  
  188  37:19  Pylon  
  189  37:24  Pylon  
  189  37:28  Pylon  
  189  37:32  Pylon  
  189  37:33  Probe  
  190  37:38  Observer  
  191  37:45  Probe  
  192  37:57  Probe  
  193  38:00  Photon Cannon x2  
  193  38:02  Photon Cannon  
  193  38:03  Photon Cannon  
  193  38:06  Photon Cannon x2  
  193  38:08  Photon Cannon  
  193  38:09  Probe, Photon Cannon  
  194  38:19  Probe  
  195  38:21  Probe  
  196  38:31  Probe  
  196  38:34  Probe  
  198  38:43  Probe  
  198  38:46  Probe  
  200  38:51  Photon Cannon  
  200  38:53  Photon Cannon  
  200  38:56  Photon Cannon  
  200  38:57  Photon Cannon  
  200  38:58  Photon Cannon  
  200  39:16  Photon Cannon x2  
  200  39:18  Photon Cannon x2  
  200  39:21  Photon Cannon  
  200  39:23  Photon Cannon  
  200  39:25  Photon Cannon  
  200  39:26  Photon Cannon  
  200  39:28  Photon Cannon x2  
  200  39:30  Photon Cannon  
  200  39:32  Photon Cannon  
  200  39:34  Photon Cannon  
  200  39:35  Photon Cannon  
  200  39:36  Photon Cannon  
  200  39:38  Photon Cannon  
  200  39:40  Photon Cannon  
  200  39:41  Photon Cannon  
  200  39:43  Photon Cannon x2  
  200  39:44  Photon Cannon  
  200  39:47  Photon Cannon  
  200  39:49  Photon Cannon  
  157  41:55  Mothership (Chrono Boost)  
  165  42:20  Photon Cannon  
  165  42:22  Photon Cannon  
  165  42:23  Photon Cannon  
  165  42:25  Photon Cannon x2  
  165  42:27  Photon Cannon  
  165  42:28  Photon Cannon  
  165  42:31  Photon Cannon  
  165  42:32  Photon Cannon  
  165  42:33  Photon Cannon  
  165  42:36  Photon Cannon  
  165  42:37  Photon Cannon  
  165  42:39  Photon Cannon  
  165  42:40  Photon Cannon  
  165  42:42  Photon Cannon  
  164  43:02  Carrier  
  164  43:12  Carrier x2  
  182  43:13  Tempest x3  
  197  43:42  Observer  
  198  44:03  Observer  
  199  44:25  Observer  
  200  45:24  Nexus  
  200  45:27  Assimilator x2  
  189  47:32  Carrier  
  189  47:33  Tempest  
  173  48:30  Mothership  
  181  48:53  Pylon  
  181  48:56  Pylon  
  181  48:58  Pylon  
  181  49:41  Tempest x3  
  168  51:52  Carrier x4  
  168  51:53  Carrier x4  
  146  52:56  Carrier x3  
  146  52:57  Carrier x5  
  179  53:38  Probe  
  180  53:50  Probe  
  181  54:02  Probe  
  182  54:06  Probe  
  183  54:14  Probe  
  183  54:15  Probe  
  185  54:19  Probe  
  186  54:26  Probe  
  186  54:27  Probe  
  186  54:31  Probe  
  189  54:39  Probe  
  189  54:43  Probe  
  191  54:51  Probe  
  192  54:55  Probe  
  193  55:03  Probe  
  188  55:46  Carrier  
  188  55:47  Carrier x2  
  194  57:41  Carrier  
Show
View Real Time Build Order
Export as new Build Order

tigro Terran 

Build Orders:  

Get SALT Encoding   

  12  0:03  SCV  
  13  0:15  SCV  
  14  0:21  Supply Depot  
  14  0:27  SCV  
  15  0:34  Refinery  
  15  0:43  SCV  
  16  0:52  Barracks  
  16  0:55  SCV  
  17  1:00  Refinery  
  17  1:07  SCV  
  18  1:19  SCV  
  18  1:22  Supply Depot  
  19  1:31  SCV  
  20  1:40  Marine  
  20  1:43  SCV  
  22  1:55  SCV  
  22  1:58  Marine  
  24  2:05  Barracks  
  24  2:15  Engineering Bay  
  24  2:16  Marine  
  24  2:17  SCV  
  27  2:30  SCV  
  27  2:34  Marine  
  28  2:51  Marine  
  29  3:00  Missile Turret  
  29  3:04  Barracks Tech Lab  
  29  3:07  Missile Turret  
  29  3:15  Barracks Tech Lab  
  29  3:19  Terran Infantry Weapons Level 1  
  29  3:33  Orbital Command  
  29  3:38  Combat Shield  
  29  3:45  Concussive Shells  
  29  4:03  Factory  
  29  4:07  Marauder  
  31  4:17  Marine  
  32  4:28  Marauder  
  34  4:35  Marine  
  35  4:53  Starport, Marine  
  35  4:57  Stimpack  
  36  5:09  Armory  
  36  5:13  Terran Infantry Armor Level 1  
  36  5:29  Factory Tech Lab  
  36  5:32  Factory  
  36  5:52  Siege Tank  
  39  6:05  Command Center  
  39  6:42  Factory Tech Lab  
  59  6:54  Medivac  
  41  7:07  Neosteel Armor  
  41  7:11  Missile Turret  
  41  7:22  Terran Vehicle Weapons Level 1  
  41  7:33  SCV  
  42  7:48  Starport Tech Lab  
  42  7:58  Starport  
  42  8:26  Missile Turret  
  42  8:29  Planetary Fortress  
  42  8:45  Starport Tech Lab  
  42  8:47  Hi-Sec Auto Tracking  
  42  9:04  Missile Turret  
  42  9:14  Missile Turret  
  42  9:16  Terran Vehicle And Ship Armor Level 1  
  42  9:32  Supply Depot  
  42  9:44  Terran Infantry Weapons Level 2  
  42  9:51  Marine  
  43  9:54  Marine  
  43  9:56  Supply Depot  
  44  10:02  Fusion Core  
  44  10:08  Marine  
  44  10:11  Marine  
  46  10:26  Marine  
  46  10:27  Supply Depot  
  47  10:29  Marine  
  48  10:44  Marine  
  48  10:47  Marine  
  50  11:02  Marine  
  51  11:05  Marine  
  32  12:00  Terran Infantry Armor Level 2, Weapon Refit  
  32  12:04  Battlecruiser  
  32  12:06  Battlecruiser  
  44  12:23  Missile Turret  
  44  12:29  Command Center  
  44  12:44  Terran Vehicle Weapons Level 2  
  44  13:04  Missile Turret  
  44  13:30  Medivac  
  44  13:32  Medivac  
  48  13:40  Rapid Reignition System  
  48  13:47  Planetary Fortress  
  48  14:00  Missile Turret  
  48  14:09  Missile Turret  
  48  14:17  Marine  
  48  14:21  Marine  
  50  14:35  Marine  
  50  14:36  Advanced Ballistics  
  51  14:39  Marine  
  52  14:53  Marine  
  52  14:57  Marine  
  52  14:59  Missile Turret  
  54  15:11  Marine  
  55  15:15  Marine  
  56  15:28  Marine  
  56  15:32  Marine  
  58  15:37  Command Center  
  58  15:57  Missile Turret  
  58  16:30  Terran Infantry Weapons Level 3  
  58  16:33  Terran Vehicle Weapons Level 3  
  58  16:51  Missile Turret  
  58  17:01  Planetary Fortress  
  58  17:23  Missile Turret  
  58  17:28  Marauder  
  60  17:31  Marine  
  61  17:43  SCV  
  62  17:49  Marine  
  62  17:50  Marauder  
  64  17:55  SCV  
  65  18:07  SCV, Marine  
  65  18:11  Marauder  
  66  18:12  Refinery  
  66  18:19  SCV  
  67  18:24  Marine  
  68  18:31  SCV  
  68  18:33  Marauder  
  59  18:42  Marine  
  36  19:06  Siege Tank  
  36  19:07  Terran Infantry Armor Level 3  
  26  19:10  Terran Vehicle And Ship Armor Level 2  
  10  20:39  Command Center  
  10  21:16  Refinery  
  10  21:49  Barracks  
  10  21:54  Refinery  
  10  22:39  Barracks  
  10  22:40  Orbital Command  
  10  22:44  Barracks Tech Lab  
  10  23:11  SCV  
  11  23:23  SCV  
  11  23:26  Marine  
  13  23:32  Barracks Tech Lab  
  13  23:35  SCV  
  14  23:43  Marine  
  14  23:48  SCV  
  16  24:00  SCV  
  16  24:01  Marine  
  14  24:12  SCV  
  15  24:19  Marine  
  17  24:24  SCV  
  17  24:34  SCV  
  17  24:36  SCV  
  17  24:37  Marine  
  20  24:46  SCV  
  20  24:48  SCV  
  22  24:57  Factory  
  22  24:58  SCV, Terran Ship Weapons Level 1  
  23  25:00  SCV  
  24  25:10  SCV  
  24  25:11  Marauder  
  24  25:12  SCV  
  28  25:22  SCV  
  28  25:24  SCV  
  30  25:32  Marauder  
  32  25:42  Command Center  
  32  25:54  Marauder  
  34  26:13  Marine  
  34  26:15  Marauder  
  34  26:17  Factory Tech Lab  
  37  26:31  Marine  
  38  26:36  Marauder  
  40  26:49  Marine  
  40  26:52  Terran Vehicle And Ship Armor Level 3  
  41  26:55  Starport  
  41  27:00  Planetary Fortress  
  41  27:04  Starport  
  41  27:07  Marine  
  41  27:24  Marine  
  42  27:34  Viking  
  44  28:04  Viking  
  37  28:18  Viking  
  23  28:34  Viking  
  20  28:48  Viking  
  18  29:04  Viking  
  17  29:30  Missile Turret  
  10  29:48  SCV  
  11  30:00  SCV  
  12  30:12  SCV, Engineering Bay  
  13  30:24  SCV  
  14  30:35  Marine  
  14  30:36  SCV  
  14  30:41  Infernal Pre-Igniter  
  16  30:49  SCV  
  17  30:52  Starport  
  17  30:53  Marine  
  18  31:01  SCV  
  19  31:11  Marine  
  19  31:13  SCV  
  19  31:17  Marauder  
  23  31:25  SCV  
  24  31:29  Marine  
  24  31:32  Supply Depot  
  25  31:33  Starport Tech Lab  
  25  31:34  Missile Turret  
  25  31:37  SCV  
  25  31:38  Marauder  
  28  31:47  Marine  
  28  31:49  SCV  
  30  32:00  Mag-Field Accelerator, Marauder  
  32  32:01  SCV  
  32  32:04  Armory  
  32  32:08  Supply Depot  
  33  32:21  Marauder  
  35  32:26  Marine  
  36  32:31  Supply Depot  
  36  32:42  Marauder  
  38  32:44  Marine  
  39  32:52  Fusion Core  
  39  33:02  Marine  
  39  33:03  Marine  
  41  33:06  Command Center  
  41  33:19  SCV  
  42  33:20  Marine  
  42  33:21  Marine  
  44  33:31  SCV  
  45  33:37  Marine  
  45  33:39  Marine  
  46  33:45  Missile Turret  
  45  34:14  Supply Depot  
  45  34:18  Viking  
  47  34:29  Planetary Fortress  
  47  34:47  Viking  
  47  34:50  Missile Turret  
  49  35:17  Viking  
  49  35:19  Missile Turret  
  49  35:21  Missile Turret  
  51  35:47  Viking  
  53  36:02  Missile Turret  
  53  36:04  Missile Turret  
  53  36:17  Viking  
  55  36:24  Missile Turret  
  55  36:25  Missile Turret  
  55  36:48  Battlecruiser  
  55  36:51  Missile Turret  
  61  36:58  Missile Turret  
  61  37:10  Missile Turret  
  61  37:34  Supply Depot  
  61  37:37  Missile Turret  
  61  37:56  Medivac  
  63  38:13  Missile Turret  
  63  38:23  Supply Depot  
  63  38:33  Missile Turret  
  63  38:40  Battlecruiser  
  69  39:13  Missile Turret  
  69  39:17  Missile Turret  
  69  39:37  Missile Turret  
  69  39:40  Command Center  
  22  40:33  Missile Turret  
  22  40:39  Battlecruiser  
  28  41:01  Planetary Fortress  
  28  41:07  Starport  
  28  41:14  Missile Turret  
  28  41:31  SCV  
  29  41:40  Missile Turret  
  29  41:43  SCV, Battlecruiser  
  36  42:03  Starport Tech Lab  
  36  42:16  Missile Turret  
  36  42:23  Supply Depot  
  36  42:47  Battlecruiser  
  36  42:49  Battlecruiser  
  48  43:19  Supply Depot  
  48  43:35  Missile Turret  
  48  43:52  Battlecruiser  
  48  43:53  Battlecruiser  
  60  44:35  Command Center  
  60  44:44  Missile Turret  
  60  44:56  Battlecruiser  
  60  44:57  Battlecruiser  
  72  45:25  Command Center  
  72  45:34  Terran Ship Weapons Level 2  
  72  45:53  Starport  
  72  45:58  Orbital Command  
  72  46:38  Missile Turret  
  72  46:59  Starport Tech Lab  
  72  47:03  Battlecruiser  
  78  47:21  Planetary Fortress  
  60  48:07  Battlecruiser  
  36  48:45  Missile Turret  
  36  48:59  Battlecruiser  
  36  49:01  Battlecruiser  
  36  49:02  Missile Turret  
  48  49:12  Battlecruiser  
  54  50:16  Battlecruiser  
  54  50:17  Battlecruiser  
  54  50:20  Battlecruiser  
  72  50:53  Missile Turret  
  72  51:00  Missile Turret  
  72  51:21  Battlecruiser  
  72  51:24  Battlecruiser  
  84  51:37  Missile Turret  
  84  52:03  Missile Turret  
  82  53:34  Missile Turret  
  82  53:39  Missile Turret  
  82  53:54  Missile Turret  
  82  54:02  Battlecruiser  
  88  54:05  Battlecruiser  
  94  54:14  Missile Turret  
  94  54:19  Missile Turret  
  94  54:33  Missile Turret  
  94  55:01  Command Center  
  94  55:06  Battlecruiser  
  94  55:30  Missile Turret  
Show
View Real Time Build Order
Export as new Build Order

TATORREA Protoss 

Build Orders:  

Get SALT Encoding   

  12  0:06  Probe (Chrono Boost)  
  13  0:17  Probe (Chrono Boost)  
  14  0:23  Probe (Chrono Boost)  
  15  0:48  Pylon  
  15  0:59  Assimilator  
  15  1:05  Assimilator  
  15  1:06  Probe  
  16  1:26  Gateway  
  16  1:27  Forge  
  16  1:42  Probe (Chrono Boost)  
  17  1:53  Probe (Chrono Boost)  
  18  1:59  Probe (Chrono Boost)  
  19  2:11  Probe (Chrono Boost)  
  20  2:24  Probe (Chrono Boost)  
  23  2:30  Zealot  
  23  2:45  Pylon  
  23  2:53  Pylon  
  23  3:03  Probe, Zealot  
  23  3:05  Pylon  
  26  3:09  Pylon  
  26  3:13  Cybernetics Core  
  26  3:23  Photon Cannon  
  26  3:24  Photon Cannon  
  26  3:27  Photon Cannon  
  26  3:29  Photon Cannon  
  26  3:30  Zealot  
  26  3:33  Probe (Chrono Boost)  
  29  3:40  Protoss Ground Weapons Level 1  
  29  3:57  Zealot  
  31  4:24  Zealot  
  33  4:32  Warp Gate (Chrono Boost)  
  33  4:44  Stargate  
  33  4:51  Stalker  
  35  5:01  Robotics Facility  
  35  5:05  Shield Battery  
  35  5:14  Twilight Council  
  35  5:21  Stalker  
  37  5:49  Protoss Ground Armor Level 1  
  37  5:51  Stalker  
  37  5:52  Void Ray  
  43  6:08  Immortal  
  47  6:21  Stalker  
  49  6:51  Stalker  
  49  6:52  Dark Shrine  
  51  7:13  Robotics Bay  
  51  7:21  Stalker  
  53  7:27  Photon Cannon  
  53  7:30  Photon Cannon  
  53  7:32  Photon Cannon  
  53  7:34  Photon Cannon  
  53  7:44  Gateway  
  53  7:49  Gateway  
  53  7:52  Gateway x2  
  53  8:34  Pylon  
  53  8:46  Pylon  
  53  8:50  Pylon  
  53  8:52  Void Ray  
  53  8:53  Immortal  
  61  8:57  Pylon  
  61  9:02  Pylon  
  61  9:09  Pylon  
  61  9:24  Protoss Ground Weapons Level 2  
  37  11:41  Stalker  
  37  11:44  Stalker x2  
  37  11:45  Stalker  
  37  11:46  Stalker  
  47  11:50  Void Ray  
  51  11:56  Immortal  
  51  11:58  Protoss Ground Armor Level 2  
  55  12:21  Fleet Beacon  
  55  12:22  Robotics Bay  
  55  12:30  Stargate  
  55  12:31  Stargate  
  55  12:53  Void Ray  
  59  13:35  Zealot  
  59  13:36  Zealot  
  59  13:37  Zealot  
  59  13:38  Zealot  
  59  13:39  Zealot  
  69  14:14  Zealot x2  
  69  14:15  Zealot  
  75  14:19  Stalker  
  75  14:20  Stalker  
  79  15:18  Void Ray  
  79  15:19  Tempest  
  88  15:22  Carrier  
  88  15:27  Zealot  
  88  15:28  Zealot  
  98  15:29  Zealot x2  
  102  15:52  Pylon  
  102  15:56  Pylon  
  102  16:00  Pylon  
  102  16:04  Pylon  
  102  16:07  Pylon  
  102  16:12  Pylon  
  102  16:15  Pylon  
  102  16:19  Pylon  
  102  16:27  Void Ray, Tempest  
  111  16:50  Immortal  
  115  16:57  Stalker  
  115  16:58  Stalker  
  115  17:00  Stalker  
  121  17:01  Stalker  
  123  17:26  Protoss Air Weapons Level 1  
  123  18:03  Protoss Shields Level 1  
  123  18:32  Nexus  
  123  19:14  Stalker  
  123  19:15  Stalker  
  123  19:16  Stalker  
  129  19:17  Stalker  
  129  19:18  Stalker  
  133  19:35  Protoss Air Armor Level 1  
  133  20:11  Protoss Ground Armor Level 3  
  133  21:16  Gravitic Boosters  
  133  21:39  Probe (Chrono Boost)  
  134  21:46  Protoss Air Weapons Level 2  
  134  21:50  Probe (Chrono Boost)  
  135  21:54  Probe (Chrono Boost)  
  136  22:05  Probe  
  137  22:12  Carrier  
  137  22:13  Gravitic Drive  
  143  22:17  Probe  
  143  22:20  Zealot  
  143  22:21  Zealot  
  143  22:22  Zealot  
  150  22:23  Zealot  
  150  22:24  Zealot  
  154  22:30  Immortal  
  152  23:08  Colossus  
  152  23:10  Extended Thermal Lance  
  85  23:33  Stalker  
  60  23:34  Stalker  
  60  23:35  Stalker  
  60  23:36  Stalker  
  60  23:37  Stalker  
  48  23:58  Zealot  
  48  23:59  Zealot  
  48  24:00  Zealot  
  48  24:01  Zealot  
  48  24:02  Zealot  
  58  24:29  Zealot  
  58  24:30  Zealot  
  54  24:32  Zealot  
  54  24:34  Zealot x2  
  46  24:53  Zealot  
  46  24:54  Zealot  
  46  24:55  Zealot  
  46  24:56  Zealot  
  46  24:58  Zealot  
  56  25:11  Carrier  
  56  25:12  Tempest  
  67  25:18  Zealot  
  67  25:19  Zealot  
  67  25:20  Zealot  
  73  25:21  Zealot  
  73  25:22  Zealot  
  71  26:02  Carrier  
  77  26:30  Carrier  
  83  26:45  Tempest  
  88  26:51  Zealot  
  88  26:52  Zealot  
  88  26:53  Zealot  
  94  26:54  Zealot  
  94  26:55  Zealot  
  98  27:39  Carrier  
  99  30:16  Carrier  
  99  30:18  Tempest  
  110  30:30  Void Ray  
  114  30:40  Immortal  
  118  30:50  Stalker  
  118  30:51  Stalker  
  118  30:52  Stalker  
  118  30:53  Stalker x2  
  128  31:43  Pylon  
  128  31:45  Pylon  
  128  31:49  Pylon  
  128  31:54  Pylon  
  128  31:58  Pylon  
  128  32:02  Pylon  
  128  32:11  Photon Cannon  
  128  32:13  Photon Cannon  
  128  32:16  Photon Cannon  
  128  32:19  Photon Cannon  
  128  32:22  Photon Cannon  
  128  32:25  Photon Cannon  
  128  32:28  Photon Cannon  
  128  32:31  Photon Cannon  
  128  32:33  Photon Cannon  
  128  32:35  Photon Cannon  
  128  32:52  Protoss Air Weapons Level 3  
  128  34:18  Carrier  
  128  34:19  Tempest  
  139  34:32  Void Ray  
  143  35:37  Protoss Ground Weapons Level 3  
  143  35:45  Anion Pulse-Crystals  
  143  35:52  Protoss Air Armor Level 2  
  71  36:46  Colossus  
  77  36:49  Flux Vanes  
  77  36:56  Stalker  
  77  36:57  Stalker  
  77  36:58  Stalker x2  
  85  37:28  Photon Cannon  
  85  37:30  Photon Cannon  
  85  37:31  Photon Cannon  
  85  37:33  Photon Cannon  
  85  37:34  Photon Cannon x2  
  85  37:37  Photon Cannon  
  85  38:32  Carrier  
  91  38:35  Protoss Shields Level 2  
  91  38:36  Tempest  
  96  38:42  Zealot  
  96  38:43  Zealot  
  96  38:45  Zealot  
  102  38:51  Zealot  
  102  38:52  Zealot  
  106  39:39  Carrier  
  106  39:44  Carrier  
  118  40:02  Zealot  
  118  40:03  Zealot  
  118  40:06  Zealot  
  124  40:07  Zealot  
  124  40:08  Zealot  
  128  40:21  Probe  
  129  40:31  Carrier  
  34  42:00  Stalker  
  34  42:01  Stalker  
  38  42:02  Stalker  
  38  42:03  Stalker  
  38  42:04  Stalker  
  44  42:12  Carrier  
  50  43:07  Tempest  
  55  43:18  Tempest  
  60  43:26  Zealot  
  62  43:27  Zealot  
  62  43:28  Zealot  
  62  43:29  Zealot  
  62  43:30  Zealot  
  70  43:43  Tempest  
  75  44:55  Protoss Air Armor Level 3  
  75  45:05  Zealot x2  
  75  45:06  Zealot  
  81  45:07  Zealot  
  81  45:08  Zealot  
  85  45:31  Protoss Shields Level 3  
  85  45:37  Zealot  
  85  45:38  Zealot  
  85  45:39  Zealot  
  85  45:40  Zealot  
  85  45:41  Zealot  
  95  45:59  Zealot  
  95  46:01  Zealot x2  
  95  46:03  Zealot  
  95  46:04  Zealot  
  6  47:47  Carrier  
  12  48:33  Zealot  
Show
View Real Time Build Order
Export as new Build Order

Keigo Terran 

Build Orders: 2 Factory 

Get SALT Encoding   

  12  0:04  SCV  
  13  0:16  SCV  
  14  0:24  Supply Depot  
  14  0:28  SCV  
  15  0:49  Barracks  
  15  0:53  SCV  
  16  1:00  Refinery  
  16  1:03  Refinery  
  16  1:05  SCV  
  17  1:17  SCV  
  18  1:30  SCV  
  19  1:42  SCV  
  20  1:52  Factory  
  20  1:54  Barracks Tech Lab  
  20  2:00  Orbital Command  
  20  2:12  Supply Depot  
  20  2:33  Barracks Tech Lab  
  20  2:36  Supply Depot  
  20  2:44  Factory  
  20  2:45  Siege Tank  
  23  2:58  Supply Depot  
  23  3:17  Siege Tank  
  23  3:19  SCV  
  27  3:21  Supply Depot  
  27  3:32  Factory Tech Lab  
  27  3:40  Armory  
  27  3:58  Siege Tank  
  30  4:58  Siege Tank x2  
  36  5:02  Drilling Claws  
  36  5:31  Siege Tank  
  39  6:24  Widow Mine x2  
  40  6:28  Marine  
  35  6:45  Widow Mine x2  
  39  7:02  Barracks Reactor  
  39  7:06  Widow Mine  
  39  7:07  Widow Mine  
  43  7:36  Siege Tank x2  
  49  7:40  Marine x2  
  51  7:54  Starport  
  51  7:58  Marine x2  
  53  8:08  Siege Tank x2  
  59  8:16  Marine x2  
  61  8:34  Marine x2  
  63  8:42  Starport Tech Lab  
  56  9:47  Marine x2  
  56  9:50  Medivac  
  60  10:05  Marine x2  
  61  10:20  Medivac  
  63  10:41  Marine x2  
  47  10:50  Medivac  
  41  10:59  Marine x2  
  38  11:17  Marine x2  
  40  11:20  Medivac  
  36  11:35  Marine x2  
  31  11:50  Medivac  
  31  11:52  Marine x2  
Show
View Real Time Build Order
Export as new Build Order

IA (Élite) Protoss 

Build Orders: Zealot Archon 

Get SALT Encoding   

  12  0:01  Probe  
  13  0:13  Probe  
  14  0:20  Pylon  
  14  0:25  Probe  
  15  0:34  Probe  
  16  0:43  Probe  
  16  0:46  Assimilator  
  16  0:49  Gateway  
  17  0:52  Probe  
  18  0:59  Pylon  
  18  1:00  Probe  
  18  1:08  Probe  
  20  1:19  Probe  
  21  1:33  Gateway  
  21  1:34  Probe  
  21  1:38  Zealot  
  21  1:39  Cybernetics Core  
  24  1:44  Pylon  
  24  1:46  Probe  
  25  1:57  Probe  
  26  2:05  Probe, Warp Gate  
  26  2:06  Zealot  
  29  2:20  Adept  
  31  2:23  Gateway  
  31  2:32  Adept, Gateway  
  33  2:50  Stalker  
  35  2:52  Probe  
  35  2:53  Pylon  
  35  2:57  Assimilator  
  36  3:02  Stalker  
  36  3:04  Probe  
  39  3:11  Adept  
  40  3:16  Probe  
  40  3:19  Adept  
  41  3:20  Stalker  
  45  3:32  Stalker  
  47  3:39  Pylon  
  47  3:57  Stalker x2  
  47  3:58  Stalker  
  53  4:12  Twilight Council  
  53  4:31  Pylon  
  53  4:49  Probe  
  53  4:52  Templar Archives  
  54  4:58  Pylon  
  54  5:16  Zealot x2  
  58  5:27  Forge  
  58  5:28  High Templar  
  60  5:38  Sentry, Forge  
  62  5:46  Pylon  
  62  6:00  High Templar  
  64  6:10  Stalker  
  66  6:16  Archon  
  66  6:37  High Templar  
  68  7:00  Photon Cannon  
  68  7:05  High Templar  
  70  7:11  Archon  
  70  7:20  Pylon  
  70  7:33  High Templar  
  70  7:34  Photon Cannon  
  72  8:00  Gateway  
  72  8:01  High Templar  
  74  8:09  Photon Cannon  
  74  8:14  Zealot  
  74  8:15  Zealot  
  74  8:16  Zealot  
  66  8:23  Pylon  
  66  8:26  Robotics Facility  
  50  8:33  Zealot  
  50  8:34  Zealot x2  
  54  8:35  Zealot  
  58  8:47  High Templar  
  60  8:54  Zealot x2  
  60  8:55  Zealot x2  
  28  9:14  Zealot  
  28  9:15  Zealot x2  
  35  9:23  Zealot  
  35  9:25  Zealot  
  31  9:34  High Templar  
  31  9:35  Zealot x2  
  31  9:36  Pylon  
  31  9:43  Zealot  
  31  9:46  Zealot  
  31  9:55  High Templar  
  31  9:56  Zealot  
  34  10:04  Zealot  
  34  10:06  Zealot  
  34  10:11  High Templar  
  36  10:38  High Templar  
  36  10:42  Archon  
  38  10:56  Zealot  
  40  11:06  High Templar  
  42  11:13  Zealot  
  44  11:33  High Templar  
  44  11:38  Adept  
  48  11:55  Gateway  
  48  11:59  Robotics Facility  
  48  12:05  Stalker  
  50  12:16  Stalker  
  52  12:24  Stalker  
  54  12:34  Stalker  
  56  12:46  Warp Prism  
  58  12:52  Sentry  
  58  12:57  Adept  
  62  13:19  Stalker  
  64  13:23  Observer  
  65  13:29  Stalker  
  67  13:38  Stalker  
  69  13:47  Stalker  
  71  14:06  Sentry  
  73  14:33  Psionic Storm  
  73  14:50  Protoss Ground Weapons Level 1  
  73  15:19  Protoss Ground Armor Level 1  
  73  16:00  Robotics Bay, Zealot x2  
  73  16:03  Pylon  
  77  16:08  Zealot  
  77  16:09  Zealot  
  80  16:11  Probe  
  81  16:21  Zealot  
  81  16:22  Zealot x2  
  87  16:28  Pylon  
  87  16:43  Sentry  
  87  16:46  Colossus  
  95  16:55  Pylon  
  95  17:22  Probe, Zealot  
  97  17:28  Pylon  
  97  17:30  Colossus  
  103  17:56  Pylon  
  103  18:09  Zealot x2  
  103  18:10  Stalker, Zealot x2  
  111  18:24  Immortal, Pylon  
  111  18:51  Pylon  
  111  18:53  Immortal  
  109  19:01  Extended Thermal Lance  
  113  19:16  Adept  
  115  19:25  Protoss Ground Weapons Level 2  
  115  19:32  Warp Prism  
  117  19:39  Charge  
  117  20:14  Robotics Facility  
  117  20:47  Colossus  
  122  20:50  Probe  
  123  21:14  Blink  
  123  21:15  Disruptor  
  126  21:41  Disruptor  
  129  21:48  Adept  
  129  21:50  Pylon  
  131  21:55  Colossus  
  131  22:00  Colossus  
  131  22:01  Colossus  
  131  22:15  Protoss Ground Armor Level 2  
  131  22:34  Immortal  
  135  22:41  Pylon  
  135  22:52  Immortal  
  139  23:07  Observer  
  126  23:20  Zealot x4  
  126  23:21  Zealot x2  
  108  23:40  Stalker, Zealot x2  
  108  23:41  Adept, Zealot x2  
  106  24:00  Adept, Zealot  
  106  24:01  Stalker x3  
  116  24:03  Zealot  
  118  24:25  Zealot x3  
  118  24:26  Zealot x3  
  116  24:38  Colossus  
  109  24:39  Zealot  
  109  24:45  Stalker, Zealot  
  109  24:46  Zealot x3  
  119  24:58  Sentry  
  121  25:05  Zealot  
  121  25:06  Zealot x2  
  127  25:28  Stalker, Sentry  
  131  25:33  Archon, Gateway  
  131  25:52  High Templar  
  133  26:20  High Templar  
  135  26:34  Archon  
  135  26:48  High Templar  
  137  27:14  High Templar  
  139  27:28  Archon  
  139  27:33  Pylon  
  139  27:42  High Templar  
  141  27:47  Photon Cannon  
  141  28:10  High Templar  
  143  28:25  Archon  
  143  28:38  High Templar  
  145  29:06  High Templar  
  147  29:21  Archon  
  147  29:30  Pylon  
  147  29:34  High Templar  
  148  30:02  High Templar  
  150  30:17  Archon  
  150  30:30  High Templar  
  152  30:56  High Templar  
  154  31:10  Archon  
  154  31:21  Pylon  
  154  31:25  High Templar  
  156  31:52  High Templar  
  158  32:07  Archon  
  158  32:19  Pylon  
  158  32:20  High Templar  
  160  32:48  High Templar  
  162  33:02  Archon, Observer  
  163  33:29  High Templar  
  165  33:57  High Templar  
  167  34:11  Archon, Observer  
  168  34:20  Pylon  
  168  34:38  High Templar  
  170  35:06  High Templar  
  172  35:15  Stalker  
  174  35:45  Stargate  
  174  35:55  Pylon  
  173  36:04  Zealot x2  
  173  36:08  Zealot x2  
  173  36:09  Zealot  
  173  36:10  Zealot  
  163  36:12  Zealot  
  163  36:17  Zealot  
  129  36:24  Zealot  
  89  36:28  Zealot, High Templar  
  89  36:30  Zealot x2  
  89  36:32  Zealot  
  70  36:35  Zealot  
  70  36:38  Void Ray  
  68  36:44  Zealot  
  70  36:48  Stalker  
  70  36:50  Zealot  
  70  36:51  Zealot  
  70  36:52  Zealot  
  78  36:55  Zealot  
  78  37:00  Zealot  
  82  37:15  High Templar  
  84  37:19  Adept  
  86  37:29  Stalker  
  88  37:30  Archon  
  88  37:56  High Templar  
  90  38:24  High Templar  
  92  38:33  Stalker  
  94  38:37  Archon  
  94  39:01  High Templar  
  96  39:29  High Templar  
  98  39:43  Archon  
  98  39:56  High Templar  
  100  40:23  High Templar  
  102  40:37  Archon  
  102  40:42  Sentry  
  104  40:46  Adept  
  106  40:59  Observer  
  107  41:10  Stalker  
  109  41:18  Stalker  
  111  41:37  Immortal  
  115  41:51  Immortal  
  119  42:23  Void Ray  
  123  42:57  Void Ray  
  127  43:39  Void Ray  
  131  44:12  Void Ray  
  135  44:52  Void Ray  
  139  45:27  Void Ray  
  143  46:04  Void Ray  
  147  46:41  Colossus  
  147  46:43  Void Ray  
  157  46:56  Stalker  
  157  46:59  Stalker  
  161  47:13  Observer  
  162  47:16  Void Ray  
  166  47:35  Observer  
  167  47:45  Sentry  
  169  48:04  Phoenix  
  171  48:22  Void Ray  
  175  48:57  Zealot  
  175  48:58  Stalker  
  175  49:00  Zealot x2  
  175  49:02  Zealot  
  175  49:04  Zealot  
  175  49:06  Void Ray  
  179  49:45  Colossus  
  185  50:22  Colossus  
  191  50:31  Stalker  
  193  50:40  Stalker  
  195  50:49  Stalker  
  193  50:59  Stalker  
  193  51:01  Void Ray  
  183  51:20  Pylon  
  183  51:23  Photon Cannon  
  181  51:32  Nexus  
  170  51:36  Zealot  
  170  51:38  Void Ray, Zealot  
  137  51:49  Nexus  
  107  51:54  Pylon  
  107  51:58  Assimilator  
  105  52:40  Pylon  
  105  52:42  Assimilator  
  105  52:51  Warp Prism  
  105  53:01  Warp Prism, Probe  
  105  53:05  Forge  
  110  53:08  Photon Cannon  
  110  53:11  Gateway  
  110  53:13  Probe  
  110  53:15  Photon Cannon  
  111  53:25  Probe  
  112  53:37  Probe  
  113  53:47  Photon Cannon  
  113  53:49  Probe  
  114  53:59  Probe  
  115  54:03  Gateway  
  115  54:07  Probe  
  115  54:12  Zealot  
  115  54:16  Probe  
  119  54:28  Probe  
  120  54:40  Probe  
  121  54:52  Probe  
  122  54:55  Gateway  
  122  55:02  Probe  
  123  55:07  High Templar  
  123  55:10  Probe  
  126  55:18  Probe  
  127  55:31  Probe  
  128  55:37  High Templar  
  130  55:47  Probe  
  130  55:49  Cybernetics Core  
  131  55:51  Archon  
  131  55:59  Probe  
  131  56:05  High Templar  
  131  56:11  Probe  
  134  56:23  Probe  
  135  56:25  Stalker  
  137  56:35  Probe  
  138  56:42  High Templar  
  140  56:47  Probe, Archon  
  140  56:54  Photon Cannon  
  141  56:59  Probe  
  142  57:09  Probe  
  142  57:10  High Templar  
  145  57:17  Probe  
  146  57:26  Probe  
  147  57:37  High Templar  
  147  57:38  Probe  
  150  57:47  Stalker  
  150  57:50  Archon  
  152  58:04  Pylon  
  152  58:06  Void Ray  
  152  58:14  High Templar  
  154  58:42  High Templar  
  156  58:50  Zealot  
  156  58:51  Stalker, Zealot x2  
  128  58:56  Pylon, Zealot  
  128  58:58  Zealot  
  64  59:10  Zealot  
  64  59:11  Zealot x2  
  64  59:14  Zealot  
  64  59:15  Zealot  
  64  59:16  Zealot  
  72  59:18  Zealot  
  58  59:30  Zealot  
  52  59:34  Zealot  
  52  59:37  Zealot  
  31  59:38  Zealot  
  24  59:57  High Templar  
  24  59:58  Zealot  
  11  60:07  Nexus  
  11  60:11  Cybernetics Core  
  9  60:17  Nexus  
  9  60:18  Zealot  
Show
View Real Time Build Order
Export as new Build Order

IA (Élite) Terran 

Build Orders:  

Get SALT Encoding   

  12  0:01  SCV  
  13  0:13  SCV  
  14  0:19  Supply Depot  
  14  0:25  SCV  
  15  0:41  SCV  
  16  0:51  Barracks  
  16  0:53  SCV  
  17  0:58  Refinery  
  17  1:05  SCV  
  18  1:17  SCV, Supply Depot  
  19  1:29  SCV  
  20  1:39  Marine  
  21  1:41  SCV  
  22  1:54  SCV  
  23  1:57  Marine  
  23  1:58  Barracks  
  24  2:01  Refinery  
  24  2:06  Orbital Command  
  24  2:15  Supply Depot, Marine  
  25  2:32  SCV, Marine  
  27  2:44  Marine  
  28  2:54  Command Center  
  28  3:01  SCV  
  29  3:13  SCV, Factory  
  29  3:14  Marine  
  29  3:18  Marine  
  32  3:25  SCV  
  33  3:32  Marine  
  34  3:36  Marine  
  34  3:37  SCV  
  36  3:48  Barracks  
  36  3:49  SCV  
  36  3:52  Barracks Tech Lab  
  36  3:54  Barracks Tech Lab  
  37  3:58  Factory Tech Lab  
  37  4:01  SCV  
  38  4:05  SCV  
  39  4:11  Supply Depot  
  39  4:13  SCV  
  39  4:16  Marine  
  41  4:17  SCV  
  41  4:18  Marine  
  41  4:23  Stimpack  
  43  4:25  SCV  
  43  4:29  SCV  
  43  4:30  Siege Tank  
  48  4:34  Combat Shield  
  48  4:38  SCV  
  49  4:41  SCV  
  49  4:43  Marauder  
  52  4:49  Marauder  
  52  4:50  SCV  
  55  4:54  Orbital Command  
  55  4:58  Supply Depot  
  55  4:59  Marine  
  56  5:05  Engineering Bay, Marauder  
  58  5:14  Marauder  
  60  5:26  Marauder  
  62  5:32  Terran Infantry Weapons Level 1  
  62  5:34  Barracks Reactor, Engineering Bay  
  62  5:35  Marauder  
  64  5:40  Supply Depot  
  64  5:47  Marine  
  64  5:51  Starport  
  64  5:56  Marauder  
  66  5:59  Terran Infantry Armor Level 1  
  66  6:01  Siege Tank  
  69  6:05  Marauder  
  69  6:08  Supply Depot  
  71  6:16  Marine  
  72  6:25  Concussive Shells  
  72  6:29  Medivac  
  72  6:31  Marauder, Marine  
  77  6:33  Siege Tank  
  77  6:35  Barracks  
  77  6:37  Supply Depot  
  80  6:40  Marine  
  81  6:47  Marine  
  81  6:49  Marauder  
  84  6:59  Medivac, Marauder, Marine  
  89  7:02  Supply Depot  
  89  7:05  Marine  
  90  7:11  Marauder  
  92  7:16  Marine  
  92  7:20  Missile Turret  
  93  7:28  Supply Depot  
  93  7:29  Starport Reactor  
  92  7:43  Missile Turret  
  92  7:50  Marauder  
  94  7:52  Supply Depot  
  94  8:05  Viking, Medivac  
  96  8:07  Missile Turret  
  98  8:25  Armory  
  98  9:01  Marauder  
  100  9:03  Marauder  
  100  9:07  Marine  
  92  9:10  Marine  
  92  9:11  Marine  
  92  9:14  Siege Tank  
  92  9:15  Terran Infantry Weapons Level 2  
  93  9:21  Marine  
  92  9:24  Marauder  
  92  9:25  Marine  
  92  9:28  Marine  
  92  9:29  Marine  
  94  9:40  Marauder  
  94  9:43  Marine  
  97  9:45  Marine  
  97  9:46  Marauder  
  97  9:47  Marine  
  101  9:55  Siege Tank  
  101  9:59  Supply Depot  
  104  10:01  Marauder  
  102  10:19  Marine x2  
  102  10:20  Barracks  
  104  10:21  Marine  
  104  10:24  Marine  
  104  10:27  Siege Tank  
  109  10:46  Supply Depot  
  109  11:00  Siege Tank  
  109  11:01  Medivac  
  114  11:08  Marine x2  
  114  11:09  Marine  
  114  11:10  Marine x2  
  119  11:14  Viking, Supply Depot  
  109  11:26  Marauder  
  109  11:27  Marauder  
  109  11:29  Marine x2  
  109  11:30  Marine x2  
  70  11:47  Marine x2  
  61  11:48  Marauder x2  
  61  11:49  Marine  
  61  11:53  Hellion  
  70  12:09  Marauder x2  
  70  12:10  Factory  
  70  12:14  Hellion  
  76  12:30  Marauder  
  76  12:34  Marauder  
  76  12:35  Hellion  
  82  12:52  Marauder  
  82  12:55  Hellion  
  82  12:56  Marauder, Siege Tank  
  91  13:13  Marauder  
  91  13:16  Hellion  
  91  13:17  Marauder  
  97  13:29  Siege Tank  
  100  13:37  Hellion  
  102  13:58  Marauder  
  102  13:59  Hellion, Marauder  
  102  14:01  Siege Tank  
  105  14:08  Marine  
  105  14:09  Marine x2  
  48  14:19  Marine  
  48  14:20  Hellion, Marauder  
  48  14:26  Marine  
  48  14:27  Marine x2  
  48  14:33  Hellion  
  48  14:37  Marauder  
  52  14:41  SCV, Marine  
  52  14:42  SCV  
  52  14:44  Marine x2  
  52  14:45  Marine  
  40  14:53  SCV  
  40  14:54  SCV, Hellion  
  40  14:58  Marine  
  40  14:59  Marauder  
  41  15:02  Marine x2  
  41  15:03  Marine  
  41  15:05  SCV  
  41  15:06  SCV  
  34  15:15  Siege Tank  
  34  15:16  Marauder  
  34  15:17  SCV  
  34  15:18  SCV  
  34  15:20  Marine x3  
  34  15:21  Marauder  
  36  15:30  SCV x2  
  33  15:37  Marine x2  
  33  15:38  Marine x2  
  33  15:42  SCV x2, Marine  
  37  15:48  Hellion  
  28  15:54  SCV x2  
  28  15:55  Marine x2  
  28  15:56  Marine x2  
  22  16:06  SCV x2  
  14  16:13  Marauder, Marine x2  
  14  16:14  Marine  
  15  16:18  SCV  
  13  16:32  Marine  
Show
View Real Time Build Order
Export as new Build Order

IA (Élite) Terran 

Build Orders:  

Get SALT Encoding   

  12  0:01  SCV  
  13  0:13  SCV  
  14  0:19  Supply Depot  
  14  0:25  SCV  
  15  0:30  Refinery  
  15  0:40  SCV  
  16  0:45  Barracks  
  16  0:52  SCV  
  17  1:04  SCV  
  18  1:16  SCV  
  19  1:32  Marine  
  19  1:36  Supply Depot, Orbital Command  
  19  1:38  Factory  
  20  1:49  Barracks  
  20  1:50  Marine  
  21  2:01  SCV  
  21  2:03  Refinery  
  22  2:08  Marine  
  22  2:13  SCV  
  24  2:21  Supply Depot, Factory Tech Lab  
  24  2:26  SCV  
  24  2:27  Marine  
  26  2:35  Marine  
  27  2:40  Siege Tank  
  30  2:44  SCV  
  30  2:47  Marine  
  32  2:53  Marine  
  33  2:58  Supply Depot  
  33  3:00  SCV  
  34  3:05  Marine  
  34  3:11  Marine  
  36  3:14  Siege Tank  
  39  3:20  SCV  
  39  3:23  Marine  
  41  3:29  Marine  
  41  3:33  Supply Depot  
  42  3:39  SCV  
  43  3:46  Siege Tank  
  43  3:48  Barracks Tech Lab  
  46  3:50  Barracks Tech Lab  
  46  3:51  SCV  
  47  3:59  Supply Depot  
  47  4:03  SCV  
  47  4:06  Marine  
  47  4:08  Marine  
  49  4:15  SCV  
  50  4:24  Stimpack, Marine  
  50  4:26  Marine  
  50  4:28  SCV  
  53  4:33  Supply Depot  
  52  4:40  SCV  
  52  4:42  Marauder  
  52  4:44  Marauder  
  57  4:52  SCV  
  58  4:58  Combat Shield  
  58  5:03  Engineering Bay  
  58  5:04  Marauder  
  58  5:05  Marauder  
  62  5:12  Supply Depot  
  62  5:25  Marauder  
  62  5:27  Engineering Bay, Marauder  
  66  5:29  Terran Infantry Armor Level 1  
  66  5:43  Barracks  
  66  5:45  Siege Tank  
  66  5:46  Marauder  
  71  5:52  Supply Depot, Terran Infantry Weapons Level 1  
  71  5:55  Marauder  
  73  6:04  Concussive Shells  
  73  6:08  Marauder  
  75  6:17  Marauder  
  77  6:23  Starport  
  77  6:28  Supply Depot  
  77  6:29  Marine  
  77  6:30  Barracks Reactor  
  77  6:31  Barracks  
  77  6:58  Marauder, Missile Turret  
  79  7:01  Medivac  
  81  7:35  Liberator  
  84  7:41  Missile Turret  
  84  7:46  Marauder  
  84  7:47  Marauder  
  84  7:48  Supply Depot  
  87  8:07  Marauder  
  87  8:08  Marauder  
  91  8:15  Supply Depot  
  91  8:18  Starport Reactor  
  91  8:19  Marine x3  
  79  8:23  Siege Tank  
  80  8:29  Marauder, Marine  
  83  8:36  Marine  
  83  8:37  Marine x2  
  86  8:47  Marauder  
  88  8:50  Marauder  
  88  8:54  Marine x2  
  83  8:56  Marine  
  72  9:08  Siege Tank  
  72  9:09  Marauder  
  66  9:11  Marauder  
  66  9:12  Marine x2  
  66  9:14  Marine  
  66  9:30  Marauder, Marine x2  
  67  9:33  Marauder  
  67  9:36  Marine  
  50  9:48  Marine x2  
  50  9:51  Marine  
  50  9:53  Marine  
  50  9:54  Marauder  
  44  10:05  Marine  
  44  10:06  Marine  
  40  10:09  Marauder  
Show
View Real Time Build Order
Export as new Build Order

IA (Élite) Terran 

Build Orders:  

Get SALT Encoding   

  12  0:01  SCV  
  13  0:13  SCV  
  14  0:19  Supply Depot  
  14  0:25  SCV  
  15  0:41  SCV  
  16  0:47  Barracks  
  16  0:53  SCV  
  17  1:05  SCV  
  18  1:15  Supply Depot  
  18  1:17  SCV  
  19  1:20  Refinery  
  19  1:29  SCV  
  20  1:35  Marine  
  21  1:41  SCV  
  22  1:50  Barracks  
  22  1:52  Marine  
  22  1:53  SCV  
  22  1:54  Refinery  
  24  2:01  Supply Depot  
  24  2:05  SCV  
  25  2:10  Marine  
  26  2:18  SCV  
  27  2:24  Factory  
  27  2:28  Marine  
  28  2:30  SCV  
  29  2:37  Marine  
  29  2:42  SCV  
  31  2:46  Marine  
  32  2:54  SCV  
  32  2:55  Marine  
  34  3:04  Marine  
  35  3:06  SCV, Barracks  
  36  3:12  Marine  
  36  3:18  SCV  
  36  3:19  Factory Tech Lab  
  38  3:22  Barracks Tech Lab  
  38  3:30  SCV  
  38  3:32  Supply Depot, Barracks Tech Lab  
  39  3:53  SCV  
  39  3:54  Marine x2  
  39  3:55  Stimpack  
  41  4:06  SCV, Combat Shield  
  42  4:18  SCV  
  43  4:27  Supply Depot  
  43  4:30  SCV  
  44  4:40  Marauder  
  44  4:42  SCV  
  47  4:49  Marauder, Marine  
  47  4:50  Siege Tank  
  47  4:51  Supply Depot  
  53  4:54  SCV  
  53  5:01  Marauder  
  55  5:07  Orbital Command  
  55  5:12  Marauder  
  57  5:14  Engineering Bay  
  57  5:17  Supply Depot  
  57  5:22  Siege Tank  
  57  5:23  Marauder  
  62  5:39  Marauder  
  62  5:40  Engineering Bay  
  62  5:41  Terran Infantry Armor Level 1  
  64  5:42  Supply Depot  
  64  5:44  Marauder  
  66  5:50  Barracks Reactor  
  66  5:54  Siege Tank  
  69  6:00  Concussive Shells, Marauder  
  71  6:05  Marine  
  71  6:06  Supply Depot, Terran Infantry Weapons Level 1  
  72  6:21  Marauder  
  72  6:23  Marine  
  75  6:26  Siege Tank  
  75  6:29  Barracks  
  75  6:30  Supply Depot  
  78  6:41  Marauder  
  78  6:44  Marine  
  78  6:46  Marine  
  82  6:52  Starport  
  82  7:07  Missile Turret  
  82  7:19  Marauder  
  82  7:21  Supply Depot  
  84  7:24  Marauder  
  84  7:29  Medivac  
  87  7:47  Siege Tank  
  90  8:03  Starport Reactor, Missile Turret  
  90  8:17  Supply Depot  
  90  8:26  Missile Turret  
  90  8:39  Liberator, Siege Tank  
  96  8:53  Marauder  
  97  9:09  Armory  
  97  9:43  Barracks  
  97  9:56  Terran Vehicle And Ship Armor Level 1  
  97  10:01  Armory  
  97  10:14  Viking  
  99  10:16  Supply Depot  
  99  10:25  Viking  
  101  10:44  Viking  
  103  10:53  Terran Vehicle Weapons Level 1  
  103  10:55  Viking  
  105  11:21  Marauder x2  
  105  11:24  Supply Depot  
  108  11:26  Marine x2  
  103  11:33  Marine x2  
  88  11:42  Marauder, Marine  
  88  11:44  Marine x2  
  93  11:50  Hellion, Marine  
  96  11:54  Factory  
  96  12:00  Marauder  
  98  12:02  Infernal Pre-Igniter  
  98  12:04  Marauder  
  99  12:11  Hellion  
  100  12:21  Marauder  
  102  12:32  Hellion  
  104  12:37  Hellion  
  104  12:42  Factory  
  106  12:49  Viking x2  
  110  12:54  Hellion  
  112  12:59  Hellion  
  112  13:00  Supply Depot  
  111  13:20  Factory Tech Lab  
  111  13:25  Thor  
  117  13:58  Marine  
  117  13:59  Marauder  
  117  14:01  Marine  
  117  14:03  Marine x2  
  117  14:04  Supply Depot, Marine  
  117  14:09  Hellion  
  91  14:10  Hellion  
  91  14:11  Hellion  
  91  14:16  Marauder  
  94  14:19  Marine  
  94  14:20  Marine  
  94  14:21  Marine  
  95  14:26  Marine x2  
  95  14:31  Hellion  
  89  14:32  Hellion x2  
  89  14:37  Marauder  
  97  14:38  Marauder  
  97  14:42  Marine  
  97  14:43  Marine  
  97  14:44  Marine x2  
  101  14:51  Thor  
  101  14:53  Hellion  
  101  14:54  Hellion  
  101  14:59  Marauder x2  
  103  15:00  Marine  
  104  15:11  Marine  
  105  15:15  Hellion x2, Terran Infantry Weapons Level 2  
  105  15:20  Marauder  
  105  15:21  Marauder  
  107  15:42  Marauder x2  
  111  15:49  Viking  
  113  16:01  Viking  
  113  16:03  Marauder  
  113  16:04  Marauder  
  112  16:24  Marauder  
  112  16:25  Viking, Marauder  
  118  16:46  Marauder  
  120  16:47  Siege Tank  
  123  17:04  Marauder  
  123  17:07  Marauder  
  127  17:12  Supply Depot  
  127  17:25  Marauder  
  127  17:29  Marauder  
  131  17:34  Siege Tank  
  134  17:37  Supply Depot  
  134  17:47  Marauder  
  134  17:50  Marauder  
  138  18:04  Viking  
  140  18:06  Viking  
  140  18:08  Supply Depot  
  140  18:11  Missile Turret  
  140  18:12  Marauder  
  138  18:16  Marauder  
  138  18:17  Missile Turret  
  125  18:26  Hellion  
  119  18:29  Hellion x2, Marine  
  119  18:30  Marine x2  
  119  18:31  Marine  
  119  18:32  SCV  
  119  18:34  Marauder  
  110  18:38  Missile Turret, Marauder  
  107  18:44  SCV  
  107  18:47  Hellion, Marine  
  107  18:48  Marine x2  
  100  18:50  Marine  
  100  18:55  Marauder  
  87  18:56  SCV  
  87  18:59  Marauder  
  78  19:05  Marine x2  
  78  19:06  Marine  
  78  19:07  Marine  
  69  19:11  Hellion  
  69  19:20  Marine  
  69  19:23  Marine x2  
  55  19:25  Marine  
  55  19:26  Marine  
  30  19:54  Barracks  
  8  20:32  Barracks  
  4  20:57  Supply Depot  
  4  21:04  Supply Depot  
Tags
 
Add a new tag
Caveats
  • Supply blocks, unpowered buildings, or Contaminate may cause inaccurate times.
  • Supply counts are checked every 10 seconds.